 Dungeon Crawl Stone Soup version 0.27.0-66-gdc8fb28755 (webtiles) character file.

Game seed: 602039459058909753

1603 garrulousMonolith the Poker (level 8, -1/55 HPs)
             Began as an Octopode Fighter on Aug 21, 2021.
             Was an Initiate of Gozag.
             Killed from afar by a steam dragon (17 damage)
             ... with a ball of steam
             ... on level 6 of the Dungeon.
             The game lasted 00:06:39 (7063 turns).

garrulousMonolith the Poker (Octopode Fighter)      Turns: 7063, Time: 00:06:40

Health: -1/55      AC:  1    Str: 15    XL:     8   Next: 94%
Magic:  8/8        EV: 13    Int: 11    God:    Gozag
Gold:   260        SH:  9    Dex: 13    Spells: 7/7 levels left

rFire    . . .     SeeInvis .   a - +1 trident
rCold    + . .     Faith    .   b - +0 kite shield
rNeg     . . .     Spirit   .   (helmet restricted)
rPois    .         Reflect  .   (no amulet)
rElec    .         Harm     .   g - ring of protection from cold
rCorr    .         Rampage  .   n - ring of flight
Will     .....                  (no ring)
Stlth    ++++......             (no ring)
HPRegen  0.18/turn              (no ring)
MPRegen  0.11/turn              (no ring)
                                (no ring)
                                (no ring)

@: gold aura, flying
A: almost no armour, amphibious, 8 rings, camouflage 1, gelatinous body 1,
(nimble swimmer 1), tentacles
a: Renounce Religion, Potion Petition, Call Merchant, Bribe Branch


You were on level 6 of the Dungeon.
You worshipped Gozag.
Gozag was aware of your devotion.
You visited 1 branch of the dungeon, and saw 6 of its levels.

You collected 338 gold pieces.
You paid 78 gold pieces to Gozag.

Inventory:

Hand Weapons
 a - a +1 trident (weapon)
 o - a +0 hunting sling
Missiles
 d - 4 boomerangs
 h - 5 javelins (quivered)
 m - 110 stones
 s - 2 datura-tipped darts
Armour
 b - a +0 kite shield (worn)
Magical Staves
 w - a staff of earth
Jewellery
 g - a ring of protection from cold (left tentacle)
 n - a ring of flight (right tentacle)
Wands
 t - a wand of mindburst (6)
Scrolls
 f - a scroll of fear
 j - a scroll of holy word {unknown}
 l - 2 scrolls of enchant weapon
 r - a scroll of magic mapping {unknown}
 y - a scroll of vulnerability {unknown}
Potions
 e - 3 potions of attraction
 i - a potion of curing
 k - a potion of cancellation {unknown}
 p - a potion of degeneration {unknown}
 q - a potion of berserk rage {unknown}
 v - a potion of brilliance {unknown}


   Skills:
 + Level 5.3 Fighting
 * Level 6.6 Polearms
 + Level 5.4 Dodging
 + Level 5.9 Stealth
 + Level 5.3 Shields


You had 7 spell levels left.
You didn't know any spells.
Your spell library contained the following spells:

 Spells                   Type           Power      Damage    Failure   Level
 Gell's Gravitas          Tloc           0%         N/A       98%         3
 Lesser Beckoning         Tloc           0%         N/A       98%         3
 Teleport Other           Tloc           0%         N/A       98%         3


Dungeon Overview and Level Annotations

Branches:
Dungeon (6/15)
 Temple: D:4-7

Altars:
Gozag
Hepliaklqana
Vehumet
Zin

Shops:
D:2 (   D:6 !

Annotations:
D:5 1 runed translucent door, RatsInWalls's ghost, weakling HODe


Innate Abilities, Weirdness & Mutations

You cannot wear most types of armour.
You are amphibious.
You can wear up to eight rings at the same time.
Your skin changes colour to match your surroundings (Stealth+).
Your rubbery body absorbs attacks. (AC +1, EV +1)
((You are camouflaged near water. (Stealth+)))
You have tentacles for arms and can constrict up to eight enemies at once.


Message History

The ice beast is heavily wounded.
The ice beast closely misses you.
You closely miss the ice beast.
The ice beast is heavily wounded.
The ice beast barely misses you.
You hit the ice beast. You squeeze the ice beast.
You kill the ice beast!
You barely miss the bullfrog. You grab the bullfrog.
You constrict the bullfrog. You block the bullfrog's attack.
You completely miss the bullfrog. You squeeze the bullfrog.
The bullfrog is moderately wounded.
You constrict the bullfrog. The bullfrog closely misses you.
The bullfrog hits you.
You hit the bullfrog.
The bullfrog is heavily wounded.
You constrict the bullfrog. The bullfrog hits you. x2
The steam dragon hisses angrily.
You hit the bullfrog.
You squeeze the bullfrog, but do no damage.
The bullfrog is severely wounded.
You constrict the bullfrog. You block the bullfrog's attack.
You puncture the bullfrog!
You kill the bullfrog!
You see here 18 gold pieces.
The steam dragon closely misses you. You block the steam dragon's attack.
You hit the steam dragon but do no damage.
Your squeeze misses the steam dragon. You block the steam dragon's attack.
The steam dragon completely misses you.
You closely miss the steam dragon. Your squeeze misses the steam dragon.
The steam dragon bites you! You block the steam dragon's attack.
You closely miss the steam dragon.
You squeeze the steam dragon, but do no damage.
The steam dragon bites you! The steam dragon claws you.
* * * LOW HITPOINT WARNING * * *
You hit the steam dragon but do no damage.
You block the steam dragon's attack. The steam dragon closely misses you.
The steam dragon breathes steam at you. The ball of steam hits you!
You die...
Your body crumbles into a pile of gold.

#.........# #.... $
#.........##############.....
#........................§...
#.........[................D.
#...[..<...#######....$......
#......))..#........#.[......
#............................
#...............D...!........
##########.....@8............
#....$..............
####....8.∩.8..........
#.........<............ $
............8..........
................#..
.....:........### .
...........<#.#
................... $


You could see a steam dragon (catching breath).

Vanquished Creatures
  Sigmund (D:6)
  Duvessa (D:6)
  A sky beast (D:5)
  2 water moccasins
  A necrophage (D:3)
  An ice beast (D:6)
  3 phantoms (D:5)
  A bullfrog (D:6)
  Dowan (D:6)
  A howler monkey (D:5)
  2 hounds
  A bullfrog skeleton (D:5)
  5 iguanas
  A scorpion zombie (D:5)
  2 orc wizards
  A hound zombie (D:5)
  4 gnolls
  4 adders
  A shadow imp (D:5)
  A worm (D:2)
  2 adder skeletons (D:4)
  4 dart slugs
  6 orcs
  6 ball pythons
  6 bats
  5 endoplasms
  5 goblins
  10 hobgoblins
  14 jackals
  2 quokkas
  3 frilled lizards (D:1)
  5 kobolds
  6 rats
109 creatures vanquished.

Vanquished Creatures (others)
  An adder (D:6)
1 creature vanquished.

Grand Total: 110 creatures vanquished

Notes
Turn   | Place    | Note
-------+----------+-------------------------------------------
     0 | D:1      | garrulousMonolith the Octopode Fighter began the quest for
                  | the Orb.
     0 | D:1      | Reached XP level 1. HP: 16/16 MP: 1/1
   365 | D:1      | Reached XP level 2. HP: 20/21 MP: 2/2
   576 | D:1      | Reached skill level 1 in Stealth
   780 | D:1      | Reached XP level 3. HP: 26/26 MP: 3/3
   836 | D:1      | Found a faded altar of an unknown god.
  1396 | D:2      | Found Roniyte's Weapon Emporium.
  2315 | D:3      | Reached XP level 4. HP: 31/31 MP: 4/4
  2401 | D:3      | Reached skill level 3 in Polearms
  2514 | D:3      | Noticed a necrophage
  2522 | D:3      | Killed a necrophage
  2523 | D:3      | Reached XP level 5. HP: 14/36 MP: 5/5
  2910 | D:3      | Found a radiant altar of Vehumet.
  3608 | D:4      | Reached XP level 6. HP: 43/43 MP: 6/6
  3643 | D:4      | Noticed a water moccasin
  3648 | D:4      | Killed a water moccasin
  3649 | D:4      | Reached skill level 4 in Polearms
  4626 | D:5      | Entered Level 5 of the Dungeon
  4633 | D:5      | Found a runed translucent door.
  4637 | D:5      | Noticed RatsInWalls's ghost (weakling HODe)
  4650 | D:5      | Noticed a sky beast
  4656 | D:5      | Reached XP level 7. HP: 42/48 MP: 7/7
  5070 | D:5      | Reached skill level 5 in Polearms
  5193 | D:5      | Found a glowing silver altar of Zin.
  5193 | D:5      | Found an opulent altar of Gozag.
  5201 | D:5      | Became a worshipper of Gozag Ym Sagoz the Greedy
  5460 | D:5      | Reached XP level 8. HP: 54/54 MP: 8/8
  5807 | D:5      | Found a hazy altar of Hepliaklqana.
  5862 | D:6      | Found Jett's Distillery.
  5867 | D:6      | Noticed Dowan
  5869 | D:6      | Noticed Duvessa
  5895 | D:5      | Reached skill level 5 in Stealth
  6326 | D:6      | Killed Duvessa
  6327 | D:6      | Reached skill level 5 in Fighting
  6327 | D:6      | Reached skill level 6 in Polearms
  6327 | D:6      | Reached skill level 5 in Dodging
  6467 | D:6      | Killed Dowan
  6468 | D:6      | Reached skill level 5 in Shields
  6486 | D:6      | Noticed Sigmund
  6503 | D:6      | Killed Sigmund
  7063 | D:6      | Killed from afar by a steam dragon

Illustrated notes

Levels and vault maps discovered:
D:1:      eino_arrival_cavern_a, layout_basic,
          ebering_ecumenical_altar_sacrificial
D:2:      layout_loops_cross, serial_shops,
          nicolae_shop_temple_entry_statues_fountains
D:3:      layout_loops_corners, nicolae_vehumet_radiance
D:4:      layout_loops_ring
D:5:      layout_cave_pools, grunt_temple_overflow_gold_and_silver,
          nicolae_hepliaklqana_hippocampus, hellmonk_ghost_happy_afterlife
D:6:      layout_rooms, serial_shops, nicolae_shop_statue_plus, uniq_sigmund,
          uniq_duvessa

Skill      XL: |  1  2  3  4  5  6  7  8 |
---------------+-------------------------+-----
Stealth        | 1 2 3 4 5 |  5.9
Polearms       | 3 4 5 6 |  6.6
Dodging        | 4 5 |  5.4
Fighting       | 4 5 |  5.3
Shields        | 4 5 |  5.3

Action                   |  1- 3 |  4- 6 |  7- 9 || total
-------------------------+-------+-------+-------++-------
Melee: Trident           |    76 |   111 |   118 ||   305
       Constrict         |    14 |    24 |    17 ||    55
       Tentacles         |     9 |    14 |    24 ||    47
Throw: Javelin           |       |       |     3 ||     3
Evoke: Wand              |       |       |     1 ||     1
  Use: Scroll            |       |     4 |     5 ||     9
       Potion            |       |     3 |     3 ||     6
 Stab: Sleeping          |     9 |    11 |     7 ||    27
       Distracted        |       |     2 |       ||     2
Armor: Skin              |     1 |     2 |     3 ||     6
Dodge: Dodged            |    15 |    35 |    51 ||   101
Block: Kite shield       |    21 |    37 |    62 ||   120
